 Dungeon Crawl Stone Soup version 0.30-a0-728-gc68057be0a (webtiles) character file.

Game seed: 7844576262525573399

4279 browni3141 the Cleaver (level 10, -1/93 HPs)
             Began as a Hill Orc Fighter on Feb 1, 2023.
             Was a Follower of Beogh.
             Shot with an arrow by a centaur warrior (25 damage)
             ... on level 8 of the Dungeon.
             The game lasted 00:16:00 (7043 turns).

browni3141 the Cleaver (Hill Orc Fighter)           Turns: 7043, Time: 00:16:01

Health: -1/93      AC: 12    Str: 24    XL:     10   Next: 31%
Magic:  15/15      EV: 10    Int:  8    God:    Beogh [*.....]
Gold:   334        SH:  0    Dex: 10    Spells: 9/9 levels left

rFire   . . .      SeeInvis .    a - +0 war axe
rCold   . . .      Faith    .    h - orb {light}
rNeg    . . .      Spirit   .    b - +0 scale mail
rPois   .          Reflect  .    m - +0 helmet
rElec   .          Harm     .    (no cloak)
rCorr   .          Rampage  .    x - +0 pair of gloves
Will    .....                    t - +0 pair of boots Stlth
                                 (no amulet)
HPRegen 0.35/turn                (no ring)
MPRegen 0.14/turn                (no ring)

@: glowing
A: no striking features
a: Renounce Religion


You were on level 8 of the Dungeon.
You worshipped Beogh.
Beogh was aware of your devotion.
You visited 1 branch of the dungeon, and saw 8 of its levels.
You also visited: Ossuary.

You collected 334 gold pieces.

Inventory:

Hand Weapons
 a - a +0 war axe (weapon)
 e - a +0 hand axe
Missiles
 k - 8 boomerangs (quivered)
 p - 6 javelins
 y - 4 atropa-tipped darts
Armour
 b - a +0 scale mail (worn)
 c - a +0 buckler
 h - an orb of light (worn)
 m - a +0 helmet (worn)
 t - a +0 pair of boots (worn)
 x - a +0 pair of gloves (worn)
Jewellery
 C - a ring of wizardry
 K - a ring of magical power
Wands
 i - a wand of flame (3)
 H - a wand of charming (5)
Scrolls
 d - a scroll of vulnerability
 l - a scroll of immolation
 n - 3 scrolls of teleportation
 o - 3 scrolls of enchant weapon
 q - a scroll of blinking
 u - a scroll of fear
 A - a scroll of silence
 D - 2 scrolls of enchant armour {unknown}
 G - a scroll of noise {unknown}
 I - a scroll of acquirement {unknown}
 N - a scroll of identify
 O - a scroll of butterflies {unknown}
Potions
 f - 2 potions of curing
 j - 4 potions of brilliance
 r - a potion of resistance {unknown}
 v - a potion of ambrosia {unknown}
 w - 2 potions of attraction {unknown}
 z - a potion of lignification {unknown}
 B - 3 potions of haste {unknown}
 F - a potion of mutation {unknown}
 L - a potion of flight {unknown}
 M - a potion of berserk rage {unknown}


   Skills:
 - Level 10.0 Fighting
 - Level 12.0 Axes
 * Level 1.0 Throwing
 - Level 8.0 Armour
 - Level 3.2 Shields
 * Level 7.1 Invocations


You had 9 spell levels left.
You didn't know any spells.
Your spell library contained the following spells:

 Spells                   Type           Power      Damage    Failure   Level
 Apportation              Tloc           0%         N/A       67%         1
 Magic Dart               Conj           0%         1d3       67%         1
 Necrotise                Necr           0%         1d4       67%         1
 Summon Small Mammal      Summ           0%         N/A       67%         1
 Call Imp                 Summ           0%         N/A       80%         2
 Searing Ray              Conj           0%         2d4       80%         2
 Mephitic Cloud           Conj/Pois/Air  0%         N/A       95%         3
 Ozocubu's Armour         Ice            0%         N/A       95%         3
 Vhi's Electric Charge    Tloc/Air       0%         N/A       95%         3
 Fulminant Prism          Conj/Hex       0%         3d5       100%        4
 Arcjolt                  Conj/Air       0%         1d10      100%        5
 Malign Gateway           Summ/Tloc      0%         N/A       100%        7
 Ozocubu's Refrigeration  Ice            0%         4d7       100%        7
 Maxwell's Capacitive Co  Air            0%         ∞         100%        8
 Summon Horrible Things   Summ           0%         N/A       100%        8


Dungeon Overview and Level Annotations

Branches:
Dungeon (8/15)             Temple (0/1) D:6         Ossuary (visited)
   Lair: D:8-11

Altars:
Dithmenos
Fedhas
Hepliaklqana
Kikubaaqudgha
Okawaru
Wu Jian
Yredelemnul

Annotations:
D:8 Maurice


Message History

You throw a boomerang.
The boomerang barely misses Prince Ribbit.
Prince Ribbit is engulfed in poison gas.
Prince Ribbit is poisoned.
Throw: 8 boomerangs
Press: ? - help, Q - select action, (/) - cycle Shift-Dir - straight line, f/p - Prince Ribbit
Aim: Prince Ribbit (poison gas, heavily wounded, poisoned, 41% to hit)
You throw a boomerang.
The boomerang closely misses Prince Ribbit.
Prince Ribbit is engulfed in poison gas.
Prince Ribbit looks even sicker.
Prince Ribbit blinks!
Prince Ribbit looks even sicker.
As you read the scroll of fear, it crumbles to dust.
You assume a fearsome visage.
The centaur warrior looks frightened!
The centaur warrior is engulfed in poison gas.
The centaur warrior is poisoned.
The centaur warrior looks even sicker.
Throw: 8 boomerangs
Press: ? - help, Q - select action, (/) - cycle Shift-Dir - straight line, f/p - Prince Ribbit
Aim: Prince Ribbit (heavily wounded, very poisoned, haloed, 58% to hit)
You throw a boomerang. The boomerang hits Prince Ribbit.
Prince Ribbit is severely wounded.
Prince Ribbit blinks!
Throw: 8 boomerangs
Press: ? - help, Q - select action, (/) - cycle Shift-Dir - straight line, f/p - Prince Ribbit
Aim: Prince Ribbit (almost dead, very poisoned, 41% to hit)
You throw a boomerang. The boomerang misses Prince Ribbit.
Prince Ribbit blinks!
Really walk into that cloud of poison gas?
Okay, then.
You kill Prince Ribbit!
Beogh accepts your kill.
Your Throwing skill increases to level 1!
Your Invocations skill increases to level 7!
You see here a +0 leather armour.
There is a stone staircase leading down here.
The centaur warrior unwields a +0 morningstar.
The centaur warrior wields a +0 shortbow.
The centaur warrior shoots an arrow.
The arrow hits you!!
You die...

**** ,,,***
##################### ,,,,,*
#...................# .,,,,*
##.....@............####
.),,,*
##..........[...........#
..,,**
##........................
...**
##...............c...#####.
...* #...................##
##
...####............######..##
* ............)......#
##..##*##
...................# ##..##..
...................# ##.....


You could see a centaur warrior.

Vanquished Creatures
  Psyche (D:8)
  Prince Ribbit (D:8)
  4 slime creatures (D:8)
  A shadow (D:7)
  Sigmund (D:2)
  A wyvern (D:7)
  2 orc warriors (D:7)
  6 black bears
  An ogre (D:7)
  A centaur (D:7)
  A phantom (D:5)
  4 kobold brigands
  3 necrophages
  3 bullfrogs
  4 scorpions
  6 killer bees
  A howler monkey (D:6)
  3 hounds
  A jelly (D:7)
  3 centaur zombies (Ossuary)
  4 iguanas
  5 orc wizards
  6 mummies (Ossuary)
  3 gnolls
  6 adders
  2 white imps
  3 worms
  2 dart slugs (D:2)
  12 orcs
  8 endoplasms
  2 giant cockroaches
  7 hobgoblins
  10 jackals
  5 ball pythons
  4 bats
  7 frilled lizards
  7 goblins
  3 hobgoblin zombies (Ossuary)
  20 kobolds
  4 rats
168 creatures vanquished.

Vanquished Creatures (others)
  A centaur (D:7)
  3 orcs (D:7)
4 creatures vanquished.

Grand Total: 172 creatures vanquished

Notes
Turn   | Place    | Note
-------+----------+-------------------------------------------
     0 | D:1      | browni3141 the Hill Orc Fighter began the quest for the
                  | Orb.
     0 | D:1      | Reached XP level 1. HP: 19/19 MP: 1/1
    42 | D:1      | Reached skill level 3 in Axes
    91 | D:1      | Reached XP level 2. HP: 26/26 MP: 2/2
   164 | D:1      | Reached skill level 4 in Axes
   678 | D:2      | Reached XP level 3. HP: 31/31 MP: 3/3
   727 | D:2      | Found a faded altar of an unknown god.
  1035 | D:2      | Reached skill level 5 in Axes
  1170 | D:2      | Noticed Sigmund
  1198 | D:2      | Killed Sigmund
  1199 | D:2      | Reached skill level 6 in Axes
  1199 | D:2      | Reached skill level 7 in Axes
  1199 | D:2      | Reached XP level 4. HP: 40/40 MP: 4/4
  1199 | D:2      | Reached XP level 5. HP: 46/46 MP: 5/5
  1574 | D:3      | Found an iron altar of Okawaru.
  1839 | D:3      | Found an ornate altar of the Wu Jian Council.
  1839 | D:3      | Found an ancient bone altar of Kikubaaqudgha.
  1851 | D:3      | Found a blossoming altar of Fedhas.
  1853 | D:3      | Found a basalt altar of Yredelemnul.
  1855 | D:3      | Found a hazy altar of Hepliaklqana.
  1934 | D:4      | Reached XP level 6. HP: 42/53 MP: 6/6
  2102 | D:4      | Reached skill level 5 in Fighting
  2171 | D:4      | Noticed a black bear
  2182 | D:4      | Killed a black bear
  2568 | D:5      | Entered Level 5 of the Dungeon
  2590 | D:4      | Reached skill level 8 in Axes
  2614 | D:5      | Found a shadowy altar of Dithmenos.
  2741 | D:5      | Reached XP level 7. HP: 43/60 MP: 7/7
  2843 | D:5      | Reached skill level 9 in Axes
  3286 | D:5      | Reached skill level 10 in Axes
  3858 | D:6      | Reached XP level 8. HP: 68/68 MP: 8/8
  3871 | D:6      | Reached skill level 11 in Axes
  3881 | D:6      | Found Ruezatta's Antique Weapon Emporium.
  4075 | D:6      | Found a staircase to the Ecumenical Temple.
  4349 | D:6      | Reached skill level 5 in Armour
  4688 | D:7      | Noticed a wyvern
  4693 | D:7      | Killed a wyvern
  4879 | D:7      | Reached skill level 12 in Axes
  4879 | D:7      | Reached XP level 9. HP: 66/79 MP: 9/9
  5864 | D:7      | Became a worshipper of Beogh the Brigand
  6171 | D:8      | Noticed a centaur warrior
  6176 | D:8      | Noticed a troll
  6222 | D:8      | Noticed Psyche
  6237 | D:8      | Killed Psyche
  6274 | D:8      | Reached skill level 10 in Fighting
  6274 | D:8      | Reached skill level 1 in Invocations
  6280 | D:8      | Reached XP level 10. HP: 20/93 MP: 10/12
  6334 | D:8      | Reached * piety under Beogh
  6335 | D:8      | Reached skill level 5 in Invocations
  6595 | D:8      | Found a sand-covered staircase.
  6686 | Ossuary  | Entered an ossuary
  6950 | D:8      | Noticed Maurice
  6974 | D:8      | Noticed Prince Ribbit
  6983 | D:8      | HP: 2/93 [centaur warrior/+0 morningstar (14)]
  7012 | D:8      | Killed Prince Ribbit
  7013 | D:8      | Reached skill level 1 in Throwing
  7043 | D:8      | Shot with an arrow by a centaur warrior

Illustrated notes

Levels and vault maps discovered:
D:1:      kennysheep_arrival_forest, layout_basic
D:2:      layout_loops_ring, hellmonk_ecumenical_altar_lost_god, uniq_sigmund
D:3:      layout_rooms, chequers_temple_overflow_minitemple, marbit_many_paths
D:4:      layout_rooms, minivault_25
D:5:      layout_basic, nicolae_overflow_crystal_walls, grunt_ministairs_2
D:6:      layout_gridville, minmay_temple_entry_wispy, minmay_misc_feat_room,
          nicolae_stop_n_shop_1
D:7:      layout_basic, minmay_circle_x
D:8:      layout_cave_pods, enter_ossuary_2, minmay_diamond_spiral, uniq_psyche,
          uniq_maurice, uniq_prince_ribbit1

Skill      XL: |  1  2  3  4  5  6  7  8  9 10 |
---------------+-------------------------------+-----
Axes           | 3 4 7 8 10 12 | 12.0
Fighting       | 4 5 7 10 | 10.0
Armour         | 4 6 8 |  8.0
Invocations    | 2 7 |  7.1
Throwing       | 1 |  1.0
Shields        | |  3.2

Action                     |  1- 3 |  4- 6 |  7- 9 | 10-12 || total
---------------------------+-------+-------+-------+-------++-------
  Melee: War axe           |    23 |       |   203 |    55 ||   281
         Hand axe          |    66 |   121 |    28 |       ||   215
  Throw: Boomerang         |       |     6 |     7 |    14 ||    27
         Javelin           |       |       |     4 |     1 ||     5
         Dart              |       |       |       |     1 ||     1
 Invoke: Convert to Beogh  |       |       |     1 |       ||     1
  Evoke: Wand              |       |       |     3 |     6 ||     9
    Use: Scroll            |     2 |     3 |     6 |     6 ||    17
         Potion            |     1 |       |     2 |     1 ||     4
   Stab: Betrayed ally     |       |       |       |     1 ||     1
 Armour: Scale mail        |    45 |    64 |   151 |    12 ||   272
  Dodge: Dodged            |    36 |    49 |   122 |    17 ||   224
  Block: Buckler           |     9 |       |       |       ||     9

Table legend: (Time is in decaauts)
 A = Elapsed time spent in this place.
 B = Non-inter-level travel time spent in this place.
 C = Inter-level travel time spent in this place.
 D = Time resting spent in this place.
 E = Time spent auto-exploring this place.
 F = Levels seen in this place.
 G = Mean time per level.
                   A        B        C        D        E       F      G
               +--------+--------+--------+--------+--------+-----+--------+
         Total |   7045 |   6872 |    173 |    429 |   4977 |   9 |  782.8 |
       Dungeon |   6849 |   6676 |    173 |    429 |   4840 |   8 |  856.1 |
       Ossuary |    196 |    196 |      0 |      0 |    137 |   1 |  196.0 |
               +--------+--------+--------+--------+--------+-----+--------+

Top non-repeatable levels by time:
     D:7: 1479 daAuts
     D:5: 1200 daAuts
     D:6: 862 daAuts
     D:2: 724 daAuts
     D:8: 714 daAuts
     D:4: 675 daAuts
     D:1: 662 daAuts
     D:3: 531 daAuts
 Ossuary: 196 daAuts
